Map: Lightshade LE

Players

Dark - Winner!

  • Race: Zerg Zerg
  • Spawn Location: 11:00

Reynor

  • Race: Zerg Zerg
  • Spawn Location: 5:00

Event: TSL 6

VOD

Have the link to the VOD?

Description

Time

  • Played on: Dec. 19, 2020, 1:34 p.m.
  • Length: 24:31

All games in this series

Show
View Real Time Build Order
Export as new Build Order

Dark Zerg - Winner!

Build Orders: Hatch First, Lurkers 

Get SALT Encoding   

  12  0:00  Drone  
  13  0:12  Overlord  
  13  0:17  Drone  
  14  0:31  Drone x2  
  16  0:47  Hatchery  
  15  0:51  Drone  
  15  0:55  Drone  
  17  0:59  Drone  
  18  1:09  Extractor  
  17  1:15  Spawning Pool  
  17  1:16  Drone  
  17  1:19  Drone  
  18  1:27  Drone  
  19  1:38  Drone  
  20  1:51  Drone  
  21  2:01  Queen, Drone  
  21  2:02  Queen, Drone  
  27  2:11  Zergling x2  
  27  2:12  Overlord  
  27  2:13  Metabolic Boost  
  28  2:32  Drone x2  
  28  2:33  Zergling x2, Drone  
  32  2:39  Baneling Nest  
  31  2:48  Drone x2  
  33  2:55  Overlord  
  33  2:56  Hatchery  
  32  3:00  Queen  
  32  3:05  Zergling x4  
  35  3:08  Evolution Chamber  
  35  3:12  Evolution Chamber  
  35  3:13  Zergling x6  
  35  3:14  Zergling x4  
  35  3:37  Drone x5  
  38  3:41  Drone  
  38  3:44  Zerg Ground Armor Level 1  
  39  3:49  Drone  
  39  3:52  Baneling  
  39  3:55  Baneling  
  40  4:00  Hatchery  
  40  4:01  Drone  
  40  4:05  Drone x2  
  43  4:10  Drone  
  43  4:13  Drone  
  44  4:22  Overlord  
  44  4:24  Overlord  
  44  4:28  Baneling x2  
  44  4:30  Baneling x2  
  44  4:38  Zergling x2  
  44  4:40  Queen  
  44  4:42  Zergling x8  
  44  4:44  Zergling x8  
  53  4:52  Zergling x6  
  51  5:00  Zergling x2  
  51  5:04  Zergling x4  
  53  5:11  Hatchery  
  53  5:12  Zergling x4  
  54  5:18  Zergling x2  
  55  5:21  Zergling x2  
  55  5:26  Extractor  
  55  5:31  Zergling x2  
  55  5:34  Baneling x2  
  55  5:35  Baneling x2  
  55  5:36  Zergling x2  
  55  5:39  Zergling x2  
  55  5:41  Baneling  
  57  5:43  Zergling x2  
  57  5:52  Zergling x6, Baneling  
  57  5:56  Zergling x4  
  57  6:00  Zergling x2  
  56  6:10  Baneling x3  
  55  6:12  Zergling x8  
  55  6:17  Zergling x2  
  54  6:19  Drone  
  54  6:22  Zergling x4  
  54  6:23  Roach Warren  
  53  6:27  Drone x5  
  53  6:32  Drone  
  58  6:42  Zerg Missile Weapons Level 1, Drone x2  
  58  6:43  Drone  
  60  6:51  Overlord  
  60  6:53  Spine Crawler  
  59  6:57  Drone x3  
  59  7:11  Roach  
  59  7:12  Roach x6  
  59  7:14  Roach  
  74  7:22  Overlord, Drone  
  74  7:23  Overlord  
  74  7:26  Overlord  
  74  7:30  Overlord  
  74  7:32  Overlord  
  74  7:42  Roach x2  
  74  7:43  Overlord  
  78  7:44  Roach x2  
  78  7:47  Roach  
  78  7:49  Roach  
  86  7:52  Roach  
  86  7:54  Roach  
  86  7:57  Zergling x4  
  92  7:58  Zergling x2  
  92  8:00  Zergling x2  
  92  8:02  Zergling x2  
  92  8:05  Zergling x4  
  96  8:07  Zergling x2  
  96  8:09  Zergling x2  
  96  8:10  Zergling x2  
  96  8:11  Ravager  
  96  8:12  Ravager  
  100  8:13  Zergling x2  
  100  8:14  Zergling x2  
  100  8:16  Zergling x2  
  103  8:20  Overlord  
  103  8:24  Zergling x4  
  103  8:25  Baneling x3  
  105  8:29  Zergling x8  
  105  8:32  Zergling x2  
  110  8:36  Zergling x6  
  110  8:41  Zergling x4  
  103  8:49  Zergling x12  
  99  8:56  Zergling x8  
  99  8:58  Zergling x2  
  99  8:59  Zergling x2  
  101  9:06  Zergling x4  
  99  9:12  Zergling x10  
  99  9:17  Zergling x6  
  93  9:24  Zergling x12  
  93  9:31  Zergling x4  
  95  9:37  Zergling x2  
  87  9:41  Roach  
  87  9:42  Roach x2  
  87  9:44  Roach x2  
  94  9:47  Lair  
  94  9:49  Drone  
  95  9:53  Drone x2  
  95  9:54  Ravager x2  
  97  10:01  Drone x4  
  97  10:06  Drone  
  102  10:09  Drone x3  
  105  10:16  Drone x3  
  105  10:17  Extractor  
  105  10:19  Extractor  
  106  10:22  Ravager  
  106  10:23  Ravager x2  
  106  10:24  Drone  
  106  10:25  Drone x2  
  112  10:41  Extractor, Overlord  
  111  10:43  Overlord x2  
  111  10:48  Roach x5  
  111  10:49  Glial Reconstitution  
  119  10:51  Queen  
  119  10:55  Overseer  
  121  11:02  Extractor, Drone x2  
  121  11:03  Drone x3  
  125  11:06  Drone x3  
  125  11:07  Drone x3  
  125  11:08  Zerg Missile Weapons Level 2  
  131  11:19  Roach x5  
  141  11:28  Roach  
  141  11:29  Roach x4  
  151  11:37  Hydralisk Den  
  151  11:39  Hatchery  
  149  11:41  Drone  
  149  11:43  Spore Crawler  
  149  11:44  Spore Crawler  
  149  11:46  Spore Crawler  
  147  11:55  Overlord x2  
  147  11:58  Spore Crawler  
  146  12:11  Grooved Spines, Hydralisk x4  
  146  12:13  Hydralisk x3  
  160  12:18  Hydralisk  
  160  12:19  Overlord  
  162  12:26  Overlord  
  162  12:29  Overlord  
  161  12:37  Hydralisk  
  161  12:38  Hydralisk x3  
  168  12:47  Roach x4  
  176  12:55  Lurker Den  
  169  13:12  Roach x8  
  176  13:19  Roach x2  
  172  13:23  Muscular Augments  
  171  13:33  Overlord  
  166  13:34  Roach x4  
  169  13:42  Spore Crawler  
  168  13:50  Roach  
  168  13:51  Roach x4  
  178  13:56  Lurker x3  
  178  13:59  Roach  
  181  14:04  Lurker x2  
  182  14:12  Roach x4  
  182  14:16  Roach  
  169  14:33  Lurker x6  
  169  14:35  Roach  
  169  14:38  Roach  
  179  14:44  Extractor, Drone x4  
  182  14:46  Drone x2  
  184  14:56  Hydralisk x4  
  184  14:59  Drone  
  190  15:07  Spore Crawler  
  190  15:12  Roach x5  
  193  15:32  Lurker  
  194  15:38  Infestation Pit  
  193  15:43  Overlord, Overseer  
  193  15:49  Hatchery  
  192  15:51  Roach  
  194  16:08  Roach x4  
  194  16:19  Roach x3  
  198  16:28  Roach  
  198  16:29  Roach  
  200  16:36  Roach x4  
  189  16:42  Roach  
  189  16:43  Roach x3  
  189  16:46  Roach  
  189  16:47  Roach x4  
  188  16:48  Roach  
  188  16:49  Roach  
  188  16:51  Roach x5  
  197  17:04  Roach x2  
  189  17:23  Hive  
  189  17:29  Hatchery  
  182  17:36  Roach x9  
  194  17:40  Overseer  
  194  17:41  Roach  
  187  17:48  Hydralisk  
  187  17:49  Lurker x2  
  185  18:02  Drone x5, Pneumatized Carapace  
  185  18:05  Drone  
  189  18:10  Lurker  
  190  18:14  Hydralisk  
  190  18:17  Lurker  
  193  18:29  Hydralisk x2  
  197  18:36  Hydralisk  
  197  18:39  Lurker  
  195  18:50  Roach x2  
  195  18:51  Roach  
  178  18:57  Roach x4  
  178  18:59  Roach  
  144  19:12  Hydralisk x2  
  144  19:13  Lurker x2  
  144  19:15  Adaptive Talons  
  148  19:18  Drone x2  
  146  19:27  Extractor x2  
  146  19:28  Hydralisk, Viper  
  146  19:29  Viper  
  152  19:32  Lurker  
  152  19:35  Hydralisk x2  
  157  19:42  Spore Crawler  
  156  19:49  Hydralisk x3  
  162  19:53  Lurker x2  
  162  19:57  Lurker  
  165  20:05  Hydralisk x2  
  169  20:13  Seismic Spines  
  169  20:21  Hydralisk x3  
  169  20:27  Hydralisk x2  
  179  20:39  Overseer  
  179  20:46  Lurker  
  179  20:47  Lurker x2  
  179  20:48  Hydralisk  
  184  20:57  Overlord, Hatchery  
  184  21:01  Spore Crawler  
  183  21:17  Spore Crawler  
  177  21:30  Viper x2  
  177  21:32  Overlord  
  180  21:34  Hydralisk x2  
  180  21:35  Overlord  
  180  21:38  Overlord  
  184  21:41  Spore Crawler  
  183  21:50  Overlord  
  183  21:51  Hydralisk x4  
  191  21:56  Lurker x3  
  191  22:01  Overlord  
  194  22:04  Hydralisk x2  
  198  22:14  Spore Crawler  
  198  22:15  Hydralisk x2, Spore Crawler  
  192  22:33  Lurker x3  
  193  22:44  Overlord x2  
  193  22:52  Overlord  
  193  22:55  Spore Crawler  
  192  23:03  Roach x2  
  196  23:10  Roach x2  
  195  23:21  Hydralisk x4  
  195  23:26  Roach x2  
  197  23:30  Roach  
  195  23:38  Roach x7  
  184  23:49  Roach x3  
  178  23:56  Roach  
  178  23:57  Roach  
  178  24:02  Roach x2  
Show
View Real Time Build Order
Export as new Build Order

Reynor Zerg 

Build Orders: Pool First 

Get SALT Encoding   

  12  0:00  Drone  
  13  0:12  Overlord  
  13  0:16  Drone  
  14  0:30  Drone x2  
  14  0:35  Drone  
  17  0:40  Extractor  
  16  0:45  Drone  
  17  0:51  Spawning Pool  
  17  0:55  Drone  
  17  1:06  Drone  
  18  1:20  Hatchery  
  18  1:25  Drone  
  18  1:38  Zergling x2, Queen  
  21  1:43  Metabolic Boost  
  21  1:51  Overlord  
  22  1:54  Drone  
  22  2:07  Baneling Nest  
  21  2:08  Drone  
  21  2:10  Zergling x2  
  23  2:16  Queen  
  23  2:21  Zergling x2  
  26  2:32  Zergling x4  
  28  2:43  Zergling x2  
  28  2:44  Zergling x2  
  30  2:46  Overlord  
  30  2:48  Drone x2  
  32  2:51  Baneling  
  32  2:54  Drone  
  32  2:58  Baneling  
  33  2:59  Zergling x2  
  33  3:04  Drone  
  35  3:07  Drone  
  36  3:17  Hatchery  
  36  3:18  Drone  
  35  3:24  Overlord  
  35  3:25  Drone  
  36  3:30  Drone x2  
  33  3:35  Zergling x4  
  33  3:39  Zergling x4  
  35  3:42  Zergling x2  
  35  3:43  Zergling x2  
  35  3:45  Zergling x2  
  38  3:52  Zergling x2  
  38  3:55  Zergling x2  
  40  3:56  Baneling x2  
  40  4:03  Zergling x2  
  40  4:09  Zergling x2  
  42  4:11  Overlord  
  42  4:12  Queen  
  42  4:14  Zergling x6  
  47  4:19  Baneling x2  
  47  4:20  Zergling x2  
  47  4:21  Zergling x2  
  47  4:22  Drone  
  50  4:26  Overlord  
  50  4:33  Drone x2  
  50  4:43  Drone  
  50  4:44  Drone  
  51  4:47  Drone x2  
  51  4:53  Drone  
  51  4:55  Drone  
  50  5:06  Zergling x10  
  51  5:12  Zergling x6  
  53  5:15  Extractor  
  53  5:16  Roach Warren  
  53  5:19  Zergling x2  
  53  5:20  Zergling x4  
  54  5:23  Baneling  
  54  5:24  Baneling  
  54  5:26  Drone x3  
  54  5:28  Drone x3  
  59  5:31  Extractor  
  59  5:32  Drone x2  
  59  5:34  Drone  
  60  5:39  Drone x2  
  62  5:44  Overlord  
  60  5:50  Baneling x2  
  60  5:56  Roach x3  
  65  5:57  Zergling x2  
  65  5:58  Overlord  
  65  6:03  Baneling  
  64  6:06  Zergling x6, Roach x3  
  69  6:15  Roach x3  
  69  6:16  Zergling x2  
  70  6:21  Roach  
  70  6:22  Zergling x2  
  71  6:28  Roach x2  
  75  6:36  Zergling x4  
  77  6:40  Drone x2  
  77  6:42  Drone  
  80  6:48  Baneling x3  
  80  6:49  Roach  
  80  6:51  Lair  
  80  6:52  Overlord  
  82  7:01  Overlord, Drone  
  81  7:07  Overlord  
  81  7:09  Drone  
  81  7:10  Baneling x2  
  81  7:11  Drone  
  81  7:12  Drone x4  
  81  7:14  Queen  
  88  7:21  Drone  
  88  7:22  Drone x2  
  90  7:25  Extractor x2  
  90  7:27  Evolution Chamber  
  90  7:29  Zergling x2, Roach x2  
  92  7:30  Drone  
  92  7:36  Roach x2  
  97  7:38  Drone  
  97  7:40  Drone x2  
  97  7:41  Drone  
  99  7:46  Drone  
  99  7:48  Drone  
  99  7:50  Drone  
  102  7:53  Glial Reconstitution  
  102  7:54  Zerg Missile Weapons Level 1  
  102  7:55  Drone  
  102  7:56  Drone x2  
  105  7:58  Overlord  
  105  8:05  Overlord  
  105  8:06  Drone  
  105  8:11  Overlord  
  106  8:15  Extractor  
  106  8:18  Roach x4  
  106  8:19  Spine Crawler  
  111  8:23  Overlord  
  111  8:24  Spine Crawler x2  
  111  8:25  Ravager x2  
  111  8:26  Roach x3  
  119  8:27  Ravager x2  
  119  8:30  Spine Crawler  
  119  8:31  Ravager  
  119  8:33  Roach  
  123  8:35  Roach  
  123  8:36  Roach  
  123  8:41  Roach  
  125  8:49  Roach  
  125  8:50  Roach x5  
  125  8:58  Roach x5  
  125  9:01  Roach x2  
  128  9:08  Roach x3  
  117  9:11  Roach  
  117  9:12  Roach  
  117  9:16  Roach  
  117  9:19  Roach x2  
  113  9:26  Overlord  
  103  9:33  Overlord  
  103  9:38  Roach, Queen  
  93  9:41  Roach  
  93  9:44  Ravager  
  96  9:49  Extractor  
  96  9:50  Zerg Missile Weapons Level 2, Roach x2  
  99  9:57  Roach  
  101  10:02  Spine Crawler, Roach, Evolution Chamber  
  101  10:03  Overseer  
  101  10:08  Roach  
  101  10:12  Roach  
  105  10:18  Hatchery  
  105  10:20  Roach  
  107  10:31  Spire  
  107  10:35  Roach x2  
  110  10:37  Roach  
  110  10:40  Roach  
  114  10:43  Roach  
  114  10:47  Roach x2  
  114  10:49  Roach  
  122  10:50  Overlord  
  122  10:55  Evolution Chamber  
  121  10:57  Roach  
  121  11:01  Drone  
  124  11:08  Queen  
  124  11:09  Overlord  
  126  11:12  Drone  
  127  11:21  Drone  
  127  11:24  Overlord  
  128  11:43  Mutalisk x5  
  128  11:45  Mutalisk  
  128  11:46  Queen  
  144  11:47  Drone x2  
  144  11:52  Roach x2  
  144  11:53  Roach  
  150  11:56  Overlord  
  150  11:59  Roach  
  150  12:00  Roach  
  152  12:06  Roach  
  152  12:08  Overlord  
  154  12:12  Zerg Ground Armor Level 1  
  154  12:21  Hatchery  
  153  12:23  Roach x2  
  153  12:25  Ravager  
  153  12:29  Roach x2  
  162  12:31  Roach x2  
  166  12:39  Roach x2  
  166  12:41  Overlord  
  170  12:49  Overlord  
  170  12:58  Overlord  
  170  13:01  Roach x2  
  170  13:02  Roach x2  
  178  13:12  Roach x3  
  184  13:13  Roach x2  
  182  13:20  Roach x5  
  182  13:21  Roach  
  186  13:31  Roach x5  
  186  13:32  Roach  
  181  13:44  Roach x3  
  181  13:46  Ravager x3  
  181  13:47  Ravager x2  
  192  13:49  Hatchery  
  192  13:50  Ravager x2  
  192  13:53  Overlord  
  192  13:54  Overseer  
  188  14:21  Infestation Pit  
  179  14:26  Roach x11  
  191  14:33  Drone  
  191  14:34  Drone  
  193  14:38  Drone x2  
  193  14:39  Drone  
  193  14:43  Ravager  
  193  14:44  Ravager  
  193  14:45  Drone x2  
  200  14:48  Pneumatized Carapace  
  200  14:55  Zerg Ground Armor Level 2  
  185  15:12  Overseer  
  173  15:19  Roach x10  
  188  15:27  Hive  
  188  15:29  Drone x3  
  188  15:31  Extractor  
  188  15:35  Burrow  
  190  15:36  Ravager x2  
  190  15:37  Drone x2  
  194  15:42  Overseer  
  190  15:54  Drone  
  190  15:55  Drone x2  
  193  15:57  Extractor  
  193  15:58  Overseer  
  192  16:06  Ravager x2  
  192  16:08  Roach x2  
  192  16:09  Roach x3  
  200  16:18  Overseer  
  196  16:30  Overlord x3  
  196  16:31  Overlord x2  
  196  16:38  Roach x8  
  182  16:42  Roach x10  
  182  16:45  Roach x2  
  178  16:48  Roach x3  
  178  16:52  Overseer  
  178  16:53  Roach  
  178  16:54  Ravager  
  178  16:55  Ravager x2  
  172  17:01  Roach  
  172  17:02  Roach  
  166  17:09  Ravager x2  
  166  17:14  Roach x5  
  171  17:16  Roach  
  171  17:18  Roach x7  
  171  17:21  Roach  
  173  17:29  Viper x2  
  165  17:39  Roach x2  
  165  17:41  Roach  
  171  17:46  Roach  
  155  18:06  Roach  
  155  18:07  Hatchery  
  156  18:14  Roach x2  
  156  18:19  Ravager x2  
  162  18:21  Roach x2  
  162  18:26  Roach  
  168  18:30  Roach  
  168  18:31  Roach  
  172  18:37  Roach x2  
  176  18:55  Roach x4  
  167  19:01  Roach  
  102  19:10  Roach x2  
  102  19:16  Roach  
  100  19:20  Roach  
  100  19:22  Ravager x3  
  100  19:23  Ravager  
  106  19:25  Ravager  
  106  19:26  Ravager  
  106  19:30  Ravager x2  
  110  19:42  Mutalisk x2  
  110  19:43  Mutalisk  
  120  19:56  Mutalisk  
  120  19:58  Mutalisk  
  126  20:08  Mutalisk  
  126  20:13  Mutalisk x5  
  132  20:17  Mutalisk  
  132  20:20  Drone  
  132  20:21  Extractor x2  
  133  20:26  Drone x3  
  136  20:38  Roach x5  
  146  20:45  Roach x2  
  150  20:53  Roach x3  
  156  20:57  Roach  
  158  21:06  Zerg Missile Weapons Level 3  
  162  21:11  Roach x2  
  162  21:12  Roach  
  162  21:16  Roach  
  164  21:37  Ravager x2  
  160  21:40  Roach x6  
  160  21:41  Roach x2  
  176  21:51  Hatchery  
  175  21:55  Ravager x3  
  175  21:59  Roach x2  
  182  22:05  Roach  
  182  22:06  Roach  
  186  22:10  Roach  
  186  22:14  Overseer  
  188  22:27  Viper  
  188  22:28  Drone x3  
  188  22:29  Drone x4  
  187  22:31  Roach  
  187  22:33  Viper  
  190  22:44  Drone x2  
  190  22:45  Drone  
  193  22:51  Roach x3  
  199  23:02  Ravager  
  200  23:10  Extractor  
  199  23:13  Extractor  
  196  23:20  Overseer  
  196  23:26  Roach x3  
  196  23:37  Roach x3  
  200  23:45  Roach x6  
  198  23:53  Roach x6  
  198  23:54  Roach x3  
  198  23:55  Overseer x2  
  199  24:00  Overseer x3  
  193  24:06  Roach x5  
Tags
 
Composition
Lurkers
Event
TSL 6
Matchup
ZvZ
Race
Zerg
Spawn Locations
Cross Positions
Add a new tag
Caveats
  • Supply blocks, unpowered buildings, or Contaminate may cause inaccurate times.
  • Supply counts are checked every 10 seconds.